 Dungeon Crawl Stone Soup version 0.20-a0-622-g01f5896 (webtiles) character file.

3707 Devintownsend the Cleaver (level 9, -3/85 HPs)
             Began as a Minotaur Fighter on Feb 9, 2017.
             Was an Elder of Okawaru.
             Killed from afar by a raiju (10 damage)
             ... with a living lightning
             ... on level 1 of the Abyss on Feb 10, 2017.
             The game lasted 00:33:10 (6188 turns).

Devintownsend the Cleaver (Minotaur Fighter)        Turns: 6188, Time: 00:33:10

Health: -3/85      AC: 16    Str: 28    XL:     9   Next: 91%
Magic:  17/17      EV:  6    Int:  8    God:    Okawaru [****..]
Gold:   269        SH: 10    Dex: 10    Spells: 8/8 levels left

rFire    . . .     SeeInvis .   I - +6 flail (crush)
rCold    . . .     Gourm    .   k - +4 chain mail
rNeg     . . .     Faith    .   c - +0 shield
rPois    .         Spirit   .   (helmet restricted)
rElec    .         Reflect  .   (no cloak)
rCorr    .         Harm     .   s - +0 pair of gloves
MR       .....                  (no boots)
Stlth    ..........             (no amulet)
Regen    0.3/turn               u - +3 ring of intelligence
                                w - ring of magical power

@: about to teleport
A: retaliatory headbutt, horns 2, strong 2, subdued magic 1
a: Heroism, Renounce Religion


You were on level 1 of the Abyss.
You worshipped Okawaru.
Okawaru was greatly pleased with you.
You were hungry.

You visited 1 branch of the dungeon, and saw 8 of its levels.
You visited the Abyss 1 time.
You also visited: Ossuary.

You collected 269 gold pieces.

Inventory:

Hand Weapons
 a - a +0 war axe
 I - a +6 flail of crushing (weapon)
Missiles
 M - 8 curare-tipped needles
Armour
 c - a +0 shield (worn)
 k - a +4 chain mail (worn)
 s - a +0 pair of gloves (worn)
 t - a +0 troll leather armour
Jewellery
 u - a +3 ring of intelligence (right hand)
 w - a ring of magical power (left hand)
Wands
 B - a wand of polymorph (7/24)
 D - a wand of polymorph (14/24)
 F - a wand of acid (4/15)
 K - a wand of polymorph (22/24)
Scrolls
 e - 12 scrolls of identify
 g - 4 scrolls of enchant armour
 i - a scroll of fear
 l - 8 scrolls of teleportation
 p - a scroll of magic mapping
 q - a scroll of blinking
 y - a scroll of remove curse
 z - 2 scrolls of fog
 E - a scroll of enchant weapon {unknown}
 G - a scroll of immolation {unknown}
 L - a scroll of amnesia {unknown}
Potions
 b - a potion of invisibility {unknown}
 d - 4 potions of might
 h - 3 potions of curing
 j - a potion of heal wounds {unknown}
 m - 5 potions of brilliance
 n - 4 potions of mutation
 r - 3 potions of degeneration {unknown}
 A - a potion of haste {unknown}
 H - a potion of berserk rage {unknown}
 J - a potion of resistance {unknown}
Books
 v - a book of Cantrips

   Spells                             Type                      Level
   a - Confusing Touch                Hexes                        1
   b - Animate Skeleton               Necromancy                   1
   c - Summon Small Mammal            Summoning                    1
   d - Apportation                    Translocation                1
 x - a book of Cantrips

   Spells                             Type                      Level
   a - Confusing Touch                Hexes                        1
   b - Animate Skeleton               Necromancy                   1
   c - Summon Small Mammal            Summoning                    1
   d - Apportation                    Translocation                1
Comestibles
 f - 8 bread rations
 o - 4 royal jellies
 C - 2 meat rations
 N - 3 chunks of flesh


   Skills:
 + Level 10.1 Fighting
 - Level 10.5(10.7) Axes
 + Level 2.6(7.3) Maces & Flails
 + Level 9.7 Armour
 - Level 4.1 Shields


You had 8 spell levels left.
You didn't know any spells.

Dungeon Overview and Level Annotations

Branches:
Dungeon (8/15)             Temple (0/1) D:4
   Lair: D:8-11

Altars:
Ashenzari
Cheibriados
Elyvilon
Okawaru
Ru
Sif Muna
Trog
Vehumet
Yredelemnul
Zin
The Shining One

Annotations:
D:8 Psyche


Innate Abilities, Weirdness & Mutations

You reflexively headbutt those who attack you in melee.
You have a pair of horns on your head.
Your muscles are very strong. (Str +4)
Your spells are a little easier to cast, but a little less powerful.


Message History

The raiju closely misses you.
You feel better. The raiju bites you but does no damage.
You hit the raiju.
The raiju is moderately wounded.
You block the raiju's attack. The raiju bites you but does no damage.
You closely miss the raiju. You headbutt the raiju!
The raiju is heavily wounded.
The raiju bites you. The raiju shocks you!
* * * LOW HITPOINT WARNING * * *
You bludgeon the raiju!!
The raiju is almost dead.
The raiju bursts into living lightning!
The living lightning hits you!
* * * LOW HITPOINT WARNING * * *
The raiju blinks!
The raiju bursts into living lightning!
The living lightning hits you!
* * * LOW HITPOINT WARNING * * *
The living lightning hits you!
You die...

. # # .. ..
#..#. .. #
#. # . .#.#
..# # ##.
.#.....#
.... #. . >
.... #...
#..# . #...
## #..##...#
. .. ..#
##.####..#
.#.# .#.. .
#
##..###...#
# .
#.#.....##
#. ###
##.#@h.### #
. #
####......##
# ..#
###...### #
# #.....###
# #.#####.#
# #.#. ###
.# ..## .#
.. ## .#


h You could see a raiju.

Vanquished Creatures
  The ghost of Devintownsend the Protected, a novice MiFi (D:7)
  Joseph (D:7)
  2 raiju (Abyss:1)
  Edmund (D:6)
  Menkaure (D:4)
  5 sky beasts
  2 ice beasts
  An ogre (D:5)
  2 phantoms
  2 centaurs
  2 bullfrogs
  2 scorpions
  7 killer bees
  3 crimson imps
  A howler monkey (D:4)
  3 hounds
  A gnoll shaman (D:4)
  Jessica (D:3)
  7 worker ants
  2 mummies (Ossuary)
  9 adders
  3 gnolls (D:4)
  A shadow imp (D:5)
  3 oozes
  An adder skeleton (D:4)
  3 worms
  2 dart slugs
  4 leopard geckos
  4 orcs
  3 ball pythons
  13 bats
  6 giant cockroaches
  6 goblins
  6 hobgoblins
  16 jackals
  9 kobolds
  2 quokkas
  A ball python skeleton (D:4)
  6 frilled lizards
  3 gnoll skeletons (Ossuary)
  3 gnoll zombies (Ossuary)
  A goblin skeleton (Ossuary)
  3 hobgoblin skeletons (Ossuary)
  A hobgoblin zombie (Ossuary)
  A kobold skeleton (Ossuary)
  5 kobold zombies (Ossuary)
  2 orc skeletons (Ossuary)
  2 orc zombies (Ossuary)
  A quokka skeleton (D:6)
  13 rats
  2 rat skeletons (Ossuary)
  2 rat zombies (Ossuary)
184 creatures vanquished.

Vanquished Creatures (others)
  2 mummies (Ossuary)
  A gnoll skeleton (Ossuary)
  A gnoll zombie (Ossuary)
  3 goblin skeletons (Ossuary)
  A goblin zombie (Ossuary)
  2 hobgoblin skeletons (Ossuary)
  6 hobgoblin zombies (Ossuary)
  A kobold skeleton (Ossuary)
  2 kobold zombies (Ossuary)
  3 orc skeletons (Ossuary)
  An orc zombie (Ossuary)
  3 rat skeletons (Ossuary)
  A rat zombie (Ossuary)
  A plant (D:1)
28 creatures vanquished.

Grand Total: 212 creatures vanquished

Notes
Turn   | Place    | Note
-------+----------+-------------------------------------------
     0 | D:1      | Devintownsend the Minotaur Fighter began the quest for the Orb.
     0 | D:1      | Reached XP level 1. HP: 19/19 MP: 0/0
    72 | D:1      | Found a snail-covered altar of Cheibriados.
   153 | D:1      | Reached XP level 2. HP: 27/27 MP: 1/1
   657 | D:2      | Reached XP level 3. HP: 33/33 MP: 2/2
   803 | D:2      | Found a radiant altar of Vehumet.
   842 | D:2      | Reached XP level 4. HP: 33/40 MP: 3/3
   863 | D:2      | Found a deep blue altar of Sif Muna.
  1034 | D:2      | Found a glowing golden altar of the Shining One.
  1289 | D:2      | Gained mutation: Your muscles are strong. (Str +2) [potion of mutation]
  1289 | D:2      | Gained mutation: Your spells are a little easier to cast, but a little less powerful. [potion of mutation]
  1289 | D:2      | Gained mutation: Your muscles are very strong. (Str +4) [potion of mutation]
  1640 | D:3      | Found a glowing silver altar of Zin.
  1709 | D:3      | Noticed Jessica
  1725 | D:3      | Killed Jessica
  1884 | D:3      | Found a faded altar of an unknown god.
  1959 | D:3      | Found a sacrificial altar of Ru.
  2035 | D:3      | Found a white marble altar of Elyvilon.
  2053 | D:3      | Reached XP level 5. HP: 44/47 MP: 4/4
  2524 | D:4      | Found an iron altar of Okawaru.
  2532 | D:4      | Became a worshipper of Warmaster Okawaru
  2601 | D:4      | Reached skill level 5 in Armour
  3175 | D:4      | Reached skill level 5 in Axes
  3237 | D:4      | Reached skill level 5 in Fighting
  3237 | D:4      | Reached XP level 6. HP: 56/56 MP: 5/5
  3343 | D:4      | Reached * piety under Okawaru
  3384 | D:4      | Found a staircase to the Ecumenical Temple.
  3445 | D:4      | Noticed Menkaure
  3449 | D:4      | Killed Menkaure
  3449 | D:4      | Reached XP level 7. HP: 51/61 MP: 6/6
  3561 | D:5      | Entered Level 5 of the Dungeon
  3817 | D:5      | Found a sand-covered staircase.
  3827 | Ossuary  | Entered an ossuary
  4127 | D:5      | Found a bloodstained altar of Trog.
  4253 | D:5      | Reached ** piety under Okawaru
  4444 | D:6      | Found a basalt altar of Yredelemnul.
  4448 | D:6      | Reached XP level 8. HP: 48/70 MP: 7/7
  4722 | D:6      | Reached skill level 10 in Axes
  5109 | D:6      | Noticed Edmund
  5124 | D:6      | Killed Edmund
  5136 | D:6      | Found a shattered altar of Ashenzari.
  5314 | D:7      | Reached *** piety under Okawaru
  5423 | D:7      | Noticed Devintownsend's ghost (novice MiFi)
  5431 | D:7      | Killed Devintownsend's ghost
  5431 | D:7      | Reached XP level 9. HP: 73/82 MP: 8/8
  5575 | D:7      | Reached **** piety under Okawaru
  5613 | D:7      | Noticed Joseph
  5624 | D:7      | Killed Joseph
  6079 | D:8      | Reached skill level 1 in Maces & Flails
  6135 | D:8      | Noticed Psyche
  6139 | D:8      | Cast into level 1 of the Abyss (Psyche)
  6145 | Abyss:1  | Found a corrupted altar of Lugonu.
  6161 | Abyss:1  | Received a gift from Okawaru
  6161 | Abyss:1  | Reached skill level 10 in Fighting
  6188 | Abyss:1  | Killed from afar by a raiju

Vault maps used:
D:1:      minmay_arrival_shattered_statue, serial_forest,
          infiniplex_forest_clump_curved, infiniplex_forest_lined_room_3,
          infiniplex_forest_straight_1, infiniplex_forest_clump_small,
          infiniplex_forest_corner_2, infiniplex_forest_lined_room_2,
          infiniplex_forest_straight_2, cheibriados_altar_1
D:2:      lemuel_round_altar, tso_altar, vehumet_crystals,
          hangedman_abyss_or_decor_stabs, due_unseen_surprise
D:3:      minmay_diamond_boxcup, nicolae_ru_the_path_less_chosen,
          zin_scriptorium, nicolae_overflow_hidden_temple,
          chequers_ecumenical_altar_simple, uniq_jessica
D:4:      overflow_temple_1_default, temple_fountains, uniq_menkaure
D:5:      chequers_ossuary_entry_cave, first_bread, bloody_trog
D:6:      lemuel_round_altar, kennysheep_mini, uniq_edmund
D:7:      uniq_joseph
D:8:      special_room, hangedman_little_slice_of_home, uniq_prince_ribbit1,
          uniq_psyche
Ossuary:  ossuary_due_pyramid

Skill      XL: |  1  2  3  4  5  6  7  8  9 |
---------------+----------------------------+-----
Shields        | 4 |  4.1
Armour         | 4 5 6 7 9 |  9.7
Fighting       | 4 5 8 10 | 10.1
Axes           | 3 4 5 6 8 10 | 10.5
Maces & Flails | 2 |  2.6

Action                   |  1- 3 |  4- 6 |  7- 9 || total
-------------------------+-------+-------+-------++-------
Melee: War axe           |    95 |   147 |   157 ||   399
       Headbutt          |    20 |    25 |    55 ||   100
       Flail             |       |       |    98 ||    98
  Use: Scroll            |       |     8 |     5 ||    13
       Potion            |       |     3 |     2 ||     5
  Eat: Chunk             |       |     8 |     9 ||    17
Armor: Scale mail        |    19 |       |       ||    19
       Chain mail        |    88 |    88 |   145 ||   321
Dodge: Dodged            |    45 |    46 |    44 ||   135
Block: Shield            |    88 |    97 |   130 ||   315
